 Dungeon Crawl Stone Soup version 0.29-a0-994-gc5c9f59d18 (webtiles) character file.

Game seed: 3890627977394621069

189 Asher535 the Trooper (level 5, -1/47 HPs)
             Began as a Minotaur Fighter on Aug 3, 2022.
             Succumbed to a scorpion's poison
             ... on level 4 of the Dungeon.
             The game lasted 00:06:39 (2577 turns).

Asher535 the Trooper (Minotaur Fighter)             Turns: 2577, Time: 00:06:39

Health: -1/47      AC:  7    Str: 23    XL:     5   Next: 40%
Magic:  4/4        EV:  6    Int:  5    God:
Gold:   120        SH:  4    Dex:  9    Spells: 4/4 levels left

rFire   . . .      SeeInvis .   o - +2 mace (protect)
rCold   . . .      Faith    .   c - +0 buckler
rNeg    . . .      Spirit   .   b - +0 scale mail
rPois   .          Reflect  .   (helmet restricted)
rElec   .          Harm     .   (no cloak)
rCorr   .          Rampage  .   (no gloves)
Will    .....                   (no boots)
Stlth   ..........              (no amulet)
HPRegen 0.15/turn               (no ring)
MPRegen 0.09/turn               (no ring)

@: lethally poisoned (-1 -> -8), weakened, constricted
A: horns 2, retaliatory headbutt
a: no special abilities


You were on level 4 of the Dungeon.
You visited 1 branch of the dungeon, and saw 4 of its levels.

You collected 120 gold pieces.

Inventory:

Hand Weapons
 a - a +0 war axe
 o - a +2 mace of protection (weapon)
Missiles
 n - 5 boomerangs (quivered)
Armour
 b - a +0 scale mail (worn)
 c - a +0 buckler (worn)
 e - a +0 ring mail
Scrolls
 f - a scroll of noise
 i - a scroll of identify
 l - a scroll of immolation {unknown}
 m - a scroll of magic mapping {unknown}
 p - a scroll of blinking {unknown}
 r - a scroll of teleportation {unknown}
Potions
 d - a potion of might
 g - 3 potions of ambrosia
 h - a potion of lignification {unknown}
 j - 3 potions of curing {unknown}
 k - a potion of resistance {unknown}
 q - a potion of flight {unknown}
 s - a potion of heal wounds {unknown}


   Skills:
 + Level 4.9 Fighting
 + Level 4.0 Axes
 + Level 4.8 Armour
 + Level 4.8 Shields


You had 4 spell levels left.
You didn't know any spells.
Your spell library contained the following spells:

 Spells                   Type           Power      Damage    Failure   Level
 Apportation              Tloc           0%         N/A       86%         1
 Gell's Gravitas          Tloc           0%         N/A       99%         3
 Ignite Poison            Fire/Tmut/Pois 0%         N/A       99%         3
 Lesser Beckoning         Tloc           0%         N/A       99%         3
 Mephitic Cloud           Conj/Pois/Air  0%         N/A       99%         3
 Teleport Other           Tloc           0%         N/A       99%         3
 Alistair's Intoxication  Tmut/Pois      0%         N/A       100%        5
 Freezing Cloud           Conj/Ice/Air   0%         6-21      100%        5


Dungeon Overview and Level Annotations

Branches:
Dungeon (4/15)
 Temple: D:4-7

Altars:

Annotations:
D:3 2 transporters, Tinttamiau's ghost, amateur KoBr


Innate Abilities, Weirdness & Mutations

You have a pair of horns on your head.
You reflexively headbutt those who attack you in melee.


Message History

The ball python constricts you. The gnoll closely misses you.
The scorpion stings you. The gnoll barely misses you.
You barely miss the gnoll.
You headbutt the gnoll, but do no damage.
The gnoll hits you but does no damage. You block the ball python's attack.
The ball python constricts you. The scorpion stings you.
You block the gnoll's attack. The gnoll hits you with a +0 club.
The gnoll bouda gazes fiercely through you!
You feel as though you will be weak longer.
The gnoll barely misses you. The scorpion stings you.
You are poisoned.
The scorpion poisons you!
The ball python bites you but does no damage.
The ball python constricts you.
You hit the gnoll.
Your weapon exudes an aura of protection.
You headbutt the gnoll.
The gnoll is moderately wounded.
* * * LOW HITPOINT WARNING * * *
You feel very sick. The gnoll barely misses you.
The gnoll hits you with a +0 club.
* * * LOW HITPOINT WARNING * * *
The ball python bites you but does no damage.
The ball python constricts you.
The scorpion stings you but does no damage.
You block the gnoll's attack. The gnoll hits you but does no damage.
You barely miss the gnoll bouda.
* * * LOW HITPOINT WARNING * * *
You feel sick. The scorpion stings you.
* * * LOW HITPOINT WARNING * * *
The ball python bites you but does no damage.
The ball python constricts you. You block the gnoll's attack.
The gnoll hits you but does no damage. The scorpion completely misses you.
The ball python bites you but does no damage.
The ball python constricts you.
The gnoll bouda hits you with a +0 whip.
* * * LOW HITPOINT WARNING * * *
As you read the scroll of identify, it crumbles to dust.
f - a scroll of noise You die...

. .. ... ....
### .....
##@##......
#Sgsg......
.....ggg........
##.#............
#............
#............
#.........##..
##........# .
#.......##


You could see a gnoll bouda, a scorpion, 4 gnolls and a ball python.

Vanquished Creatures
  An ogre (D:2)
  Jessica (D:2)
  2 adders (D:3)
  2 worms (D:3)
  2 dart slugs (D:3)
  An orc (D:3)
  4 endoplasms
  6 goblins
  7 hobgoblins
  7 jackals
  5 kobolds
  3 quokkas
  3 ball pythons
  3 bats (D:3)
  4 rats
51 creatures vanquished.

Notes
Turn   | Place    | Note
-------+----------+-------------------------------------------
     0 | D:1      | Asher535 the Minotaur Fighter began the quest for the Orb.
     0 | D:1      | Reached XP level 1. HP: 19/19 MP: 0/0
   323 | D:1      | Reached XP level 2. HP: 27/27 MP: 1/1
   472 | D:1      | Found a faded altar of an unknown god.
  1114 | D:2      | Noticed Jessica
  1119 | D:2      | Killed Jessica
  1120 | D:2      | Reached XP level 3. HP: 32/33 MP: 2/2
  1444 | D:2      | Noticed an ogre
  1454 | D:2      | Killed an ogre
  1455 | D:2      | Reached XP level 4. HP: 27/41 MP: 3/3
  1630 | D:2      | Reached XP level 5. HP: 47/47 MP: 4/4
  1921 | D:3      | Found a transporter.
  2060 | D:3      | Noticed Tinttamiau's ghost (amateur KoBr)
  2061 | D:3      | Found a transporter.
  2576 | D:4      | HP: 1/47 [gnoll bouda/+0 whip (5)]
  2577 | D:4      | Succumbed to a scorpion's poison

Illustrated notes

Levels and vault maps discovered:
D:1:      minmay_arrival_widening_spiral_wide, layout_basic,
          hellmonk_ecumenical_altar_prayer_group, serial_glass, glass_columns_a,
          glass_columns_a, minmay_liquid_box
D:2:      layout_basic, uniq_jessica
D:3:      layout_rooms, gammafunk_ghost_arena, nrook_campfire
D:4:      layout_cave_pools, kennysheep_generic_room_4

Skill      XL: |  1  2  3  4  5 |
---------------+----------------+-----
Fighting       | 4 |  4.9
Shields        | 4 |  4.8
Armour         | 4 |  4.8
Axes           | 3 4 |  4.0

Action                   |  1- 3 |  4- 6 || total
-------------------------+-------+-------++-------
Melee: War axe           |    53 |     7 ||    60
       Headbutt          |     7 |    14 ||    21
       Mace              |       |    39 ||    39
  Use: Scroll            |       |     2 ||     2
Armor: Ring mail         |    15 |       ||    15
       Scale mail        |     8 |    45 ||    53
Dodge: Dodged            |    23 |    24 ||    47
Block: Buckler           |    15 |    18 ||    33

Table legend: (Time is in decaauts)
 A = Elapsed time spent in this place.
 B = Non-inter-level travel time spent in this place.
 C = Inter-level travel time spent in this place.
 D = Time resting spent in this place.
 E = Time spent auto-exploring this place.
 F = Levels seen in this place.
 G = Mean time per level.
                   A        B        C        D        E       F      G
               +--------+--------+--------+--------+--------+-----+--------+
         Total |   2611 |   2594 |     17 |     74 |   1962 |   4 |  652.8 |
       Dungeon |   2611 |   2594 |     17 |     74 |   1962 |   4 |  652.8 |
               +--------+--------+--------+--------+--------+-----+--------+

Top non-repeatable levels by time:
     D:2: 934 daAuts
     D:1: 915 daAuts
     D:3: 750 daAuts
     D:4: 11 daAuts
